 Dungeon Crawl Stone Soup version 0.27-a0-765-ge4d627daa3 (webtiles) character file.

Game seed: 16208569873704515551

25 pokeman the Magician (level 2, 0/16 HPs)
             Began as a Deep Elf Hedge Wizard on Mar 24, 2021.
             Slain by Natasha (2 damage)
             ... on level 2 of the Dungeon.
             The game lasted 00:03:13 (1090 turns).

pokeman the Magician (Deep Elf Hedge Wizard)        Turns: 1090, Time: 00:03:14

Health: 0/16       AC:  2    Str:  7    XL:     2   Next: 82%
Magic:  6/10       EV: 12    Int: 18    God:
Gold:   19         SH:  0    Dex: 14    Spells: 10/11 levels left

rFire    . . .     SeeInvis .   f - +1 dagger (protect)
rCold    . . .     Faith    .   (no shield)
rNeg     . . .     Spirit   .   b - +0 robe
rPois    .         Reflect  .   c - +0 hat
rElec    .         Harm     .   (no cloak)
rCorr    .         Rampage  .   (no gloves)
Will     .....                  (no boots)
Stlth    ++........             (no amulet)
HPRegen  0.05/turn              (no ring)
MPRegen  0.12/turn              (no ring)

@: no status effects
A: no striking features
a: no special abilities


You were on level 2 of the Dungeon.
You visited 1 branch of the dungeon, and saw 2 of its levels.

You collected 19 gold pieces.

Inventory:

Hand Weapons
 f - a +1 dagger of protection (weapon)
Armour
 b - a +0 robe (worn)
 c - a +0 hat (worn)
Scrolls
 a - a scroll of silence {unknown}
 d - 2 scrolls of magic mapping {unknown}
 e - 3 scrolls of identify {unknown}


   Skills:
 + Level 0.6 Fighting
 + Level 0.7 Armour
 - Level 2.4 Dodging
 - Level 2.4 Stealth
 * Level 5.0 Spellcasting
 + Level 1.6 Conjurations
 - Level 1.1 Summonings
 - Level 1.1 Translocations


You had 10 spell levels left.
You knew the following spells:

 Your Spells              Type           Power      Damage    Failure   Level
a - Magic Dart            Conj           40%        1d5       7%          1

Your spell library contained the following spells:

 Spells                   Type           Power      Damage    Failure   Level
 Blink                    Tloc           N/A        N/A       13%         2
 Call Imp                 Summ           8%         N/A       13%         2
 Slow                     Hex            4%         N/A       21%         2
 Conjure Flame            Conj/Fire      7%         6-21      28%         3
 Mephitic Cloud           Conj/Pois/Air  6%         N/A       32%         3


Dungeon Overview and Level Annotations

Branches:
Dungeon (2/15)

Altars:
Qazlal

Annotations:
D:2 Natasha, Terence


Message History

You hit Natasha.
Your weapon exudes an aura of protection.
Natasha is heavily wounded.
Natasha claws you.
Casting: Magic Dart (safe; 7% risk of failure)
Confirm with . or Enter, or press ? or * to list all spells.
Aiming: Magic Dart (safe; 7% risk of failure)
Press: ? - help, Shift-Dir - straight line, f - Natasha
Aim: Natasha (heavily wounded, 0% to evade)
The magic dart hits Natasha.
Natasha is heavily wounded.
Natasha claws you.
Casting: Magic Dart (safe; 7% risk of failure)
Confirm with . or Enter, or press ? or * to list all spells.
Aiming: Magic Dart (safe; 7% risk of failure)
Press: ? - help, Shift-Dir - straight line, f/p - Natasha
Aim: Natasha (heavily wounded, 0% to evade)
The magic dart hits Natasha.
Natasha is severely wounded.
Natasha mumbles some strange words.
Casting: Magic Dart (safe; 7% risk of failure)
Confirm with . or Enter, or press ? or * to list all spells.
Aiming: Magic Dart (safe; 7% risk of failure)
Press: ? - help, Shift-Dir - straight line, f/p - Natasha
Aim: Natasha (severely wounded, 0% to evade)
The magic dart hits Natasha but does no damage.
Natasha is severely wounded.
Natasha misses you.
Casting: Magic Dart (safe; 7% risk of failure)
Confirm with . or Enter, or press ? or * to list all spells.
Aiming: Magic Dart (safe; 7% risk of failure)
Press: ? - help, Shift-Dir - straight line, f/p - Natasha
Aim: Natasha (severely wounded, 0% to evade)
The magic dart hits Natasha.
Natasha is severely wounded.
The iron imp hits you!
Ouch! That really hurt!
* * * LOW HITPOINT WARNING * * *
Natasha claws you.
You die...

#.# #☼...○#.# #.#
###.....#.# #.#
#...._....# #.#
#.#.....### #.#
#.#.....#
#.############†###.###
#................#.#
##################.#
......h@5# #.#
########.# #.# #># #.#
#.# #.# ###.# #.#
#...# #.#
#.##########.#
#............#
############.#


You could see an iron imp (summoned) and Natasha.

Vanquished Creatures
  A dart slug (D:2)
  A ball python (D:2)
  A giant cockroach (D:1)
  A goblin (D:1)
  3 hobgoblins (D:1)
  6 jackals (D:1)
  A quokka (D:1)
  2 frilled lizards (D:1)
  A kobold (D:1)
  3 rats (D:1)
20 creatures vanquished.

Notes
Turn   | Place    | Note
-------+----------+-------------------------------------------
     0 | D:1      | pokeman the Deep Elf Hedge Wizard began the quest for the
                  | Orb.
     0 | D:1      | Reached XP level 1. HP: 10/10 MP: 7/7
   431 | D:1      | Reached XP level 2. HP: 10/15 MP: 2/9
   871 | D:1      | You fall into a shaft and drop 1 floor!
   942 | D:2      | Reached skill level 5 in Spellcasting
   983 | D:2      | Found a stormy altar of Qazlal.
   996 | D:2      | Noticed Terence
  1084 | D:2      | Noticed Natasha
  1090 | D:2      | Slain by Natasha

Illustrated notes

Levels and vault maps discovered:
D:1:      zelgadis_glass_arrival_small, layout_loops_ring
D:2:      layout_basic, serial_shops, shop, shop, nicolae_shop_statue_plus,
          shop, grunt_qazlal_clouds, uniq_terence, uniq_natasha, uniq_robin,
          uniq_jessica

Skill      XL: |  1  2 |
---------------+-------+-----
Spellcasting   | 5 |  5.0
Fighting       | |  0.6
Armour         | |  0.7
Dodging        | |  2.4
Stealth        | |  2.4
Conjurations   | |  1.6
Summonings     | |  1.1
Translocations | |  1.1

Action                   || total
-------------------------++-------
Melee: Dagger            ||    36
 Cast: Magic Dart        ||    57
 Stab: Sleeping          ||     1
Armor: Robe              ||    17
Dodge: Dodged            ||    29

Table legend: (Time is in decaauts)
 A = Elapsed time spent in this place.
 B = Non-inter-level travel time spent in this place.
 C = Inter-level travel time spent in this place.
 D = Time resting spent in this place.
 E = Time spent auto-exploring this place.
 F = Levels seen in this place.
 G = Mean time per level.
                   A        B        C        D        E       F      G
               +--------+--------+--------+--------+--------+-----+--------+
         Total |   1089 |   1089 |      0 |      2 |    813 |   2 |  544.5 |
       Dungeon |   1089 |   1089 |      0 |      2 |    813 |   2 |  544.5 |
               +--------+--------+--------+--------+--------+-----+--------+

Top non-repeatable levels by time:
     D:1: 870 daAuts
     D:2: 218 daAuts
